 Dungeon Crawl Stone Soup version 0.30-a0-702-gdf48620a09 (webtiles) character file.

Game seed: 2318609590362145057

31973 drugrobin the Brawler (level 13, -3/111 HPs)
             Began as a Demigod Delver on Jan 22, 2023.
             Slain by a seven-headed hydra (6 damage)
             ... on level 5 of the Lair of Beasts.
             The game lasted 00:49:51 (20030 turns).

drugrobin the Brawler (Demigod Delver)             Turns: 20030, Time: 00:49:52

Health: -3/111     AC: 10    Str: 17    XL:     13   Next: 1%
Magic:  34/34      EV:  9    Int: 16    God:
Gold:   1574       SH: 10    Dex: 19    Spells: 1/12 levels left

rFire   . . .      SeeInvis .      - Unarmed
rCold   + . .      Faith    .    P - +2 kite shield
rNeg    + . .      Spirit   .    J - +2 ring mail of the Playwright {rC+ rN+ MP+9 Str-4}
rPois   +          Reflect  .    g - +1 hat
rElec   .          Harm     .    x - +0 cloak
rCorr   .          Rampage  .    (no gloves)
Will    +....                    N - +0 pair of boots
Stlth   ++                       s - amulet of regeneration
HPRegen 1.18/turn                O - ring of poison resistance
MPRegen 0.24/turn                G - ring of magical power

@: no status effects
A: high MP 1, forlorn, divine attributes
a: no special abilities


You were on level 5 of the Lair of Beasts.
You visited 3 branches of the dungeon, and saw 17 of its levels.
You also visited: Bailey.

You collected 2171 gold pieces.
You spent 597 gold pieces at shops.

Inventory:

Hand Weapons
 b - a +3 dagger of venom
 c - a +0 sling of freezing
Missiles
 A - 5 curare-tipped darts
 R - 13 boomerangs (quivered)
Armour
 g - a +1 hat (worn)
 x - a +0 cloak (worn)
 J - the +2 ring mail of the Playwright (worn) {rC+ rN+ MP+9 Str-4}
   (You bought it in a shop on level 7 of the Dungeon)

   Str:       It affects your strength (-4).
   rC:        It protects you from cold.
   rN:        It protects you from negative energy.
   MP:        It affects your magic capacity (+9).
 N - a +0 pair of boots (worn)
 P - a +2 kite shield (worn)
Jewellery
 o - an amulet of reflection
 s - an amulet of regeneration (around neck)
 G - a ring of magical power (right hand)
 O - a ring of poison resistance (left hand)
Wands
 a - a wand of polymorph (21)
 f - a wand of digging (5)
 i - a wand of acid (11)
 k - a wand of iceblast (3)
 H - a wand of flame (32)
 L - a wand of mindburst (26)
 Z - a wand of charming (9)
Scrolls
 d - a scroll of enchant weapon
 h - 2 scrolls of amnesia
 l - 9 scrolls of teleportation
 m - 4 scrolls of fog
 n - 8 scrolls of poison
 y - 3 scrolls of immolation
 F - 5 scrolls of fear
 K - a scroll of vulnerability
 U - 2 scrolls of butterflies
 V - 2 scrolls of magic mapping
Potions
 e - 3 potions of haste
 j - 4 potions of curing
 p - 4 potions of heal wounds
 q - a potion of berserk rage
 r - 4 potions of lignification
 t - a potion of might {unknown}
 D - 4 potions of magic
 E - 3 potions of mutation {unknown}
 I - 5 potions of cancellation {unknown}
 M - 3 potions of brilliance {unknown}
 Q - 3 potions of attraction {unknown}
 T - a potion of resistance {unknown}
 Y - a potion of ambrosia {unknown}
Miscellaneous
 X - a phantom mirror (inert)


   Skills:
 + Level 9.4 Fighting
 - Level 1.7 Dodging
 - Level 4.5 Stealth
 + Level 16.8 Unarmed Combat
 + Level 8.8 Ice Magic


You had one spell level left.
You knew the following spells:

 Your Spells              Type           Power      Damage    Failure   Level
a - Freezing Cloud        Conj/Ice/Air   4%         6-21      100%        5
b - Simulacrum            Ice/Necr       7%         N/A       100%        6

Your spell library contained the following spells:

 Spells                   Type           Power      Damage    Failure   Level
 Necrotise                Necr           0%         1d4       86%         1
 Sandblast                Erth           0%         2d4       86%         1
 Shock                    Conj/Air       0%         1d3       86%         1
 Cigotuvi's Dreadful Rot  Necr/Pois/Air  0%         N/A       95%         2
 Passwall                 Tmut/Erth      0%         N/A       95%         2
 Poisonous Vapours        Pois/Air       0%         N/A       95%         2
 Inner Flame              Hex/Fire       0%         N/A       99%         3
 Mephitic Cloud           Conj/Pois/Air  0%         N/A       99%         3
 Stone Arrow              Conj/Erth      0%         3d7       99%         3
 Swiftness                Air            0%         N/A       99%         3
 Vampiric Draining        Necr           0%         2d6       99%         3
 Airstrike                Air            0%         2d(0-16)  100%        4
 Animate Armour           Summ/Erth      0%         N/A       100%        4
 Cause Fear               Hex            0%         N/A       100%        4
 Passage of Golubria      Tloc           0%         N/A       100%        4
 Agony                    Necr           0%         N/A       100%        5
 Silence                  Hex/Air        0%         N/A       100%        5
 Discord                  Hex            0%         N/A       100%        8
 Lehudib's Crystal Spear  Conj/Erth      0%         10d2      100%        8
 Polar Vortex             Ice            14%        N/A       100%        9


Dungeon Overview and Level Annotations

Branches:
Dungeon (11/15)            Temple (0/1) D:4            Lair (5/5) D:11
  Swamp (0/4) Lair:3        Snake (0/4) Lair:3        Slime (0/5) Lair:4
    Orc (1/2) D:10         Bailey (visited)

Shops:
D:7 *   D:11 :

Portals:
Trove: D:11 (give 7 scrolls of blinking)

Annotations:
D:9 3 runed translucent doors, Erica; yumyumyeen's ghost, novice MiGl
Orc:1 Erolcha


Innate Abilities, Weirdness & Mutations

You have an increased reservoir of magic. (+10% MP)
You shall have no god before yourself.
Your divine heritage dramatically boosts your attributes as you level up.


Message History

You block the seven-headed hydra's attack.
The seven-headed hydra bites you but does no damage.
The seven-headed hydra bites you.
* * * LOW HITPOINT WARNING * * *
Unknown command.
Unknown command.
Unknown command.
Okay, then.
Unknown command.
Okay, then.
Unknown command.
Unknown command.
Okay, then.
Okay, then.
Okay, then.
Okay, then.
Unknown command.
Unknown command.
Unknown command.
Press: ? - help, v - describe, . - travel
Here: a seven-headed hydra (heavily wounded, covered in acid)
The floor, spattered with blood.
Unknown command.
Unknown command.
Attack: -) Nothing wielded
Press: ? - help, Dir - move target, f/p - seven-headed hydra
Aim: a seven-headed hydra (heavily wounded, covered in acid, about 15% to evade your hands)
Okay, then.
Unknown command.
You feel much better.
The seven-headed hydra barely misses you.
The seven-headed hydra bites you!
* * * LOW HITPOINT WARNING * * *
You block the seven-headed hydra's attack.
The seven-headed hydra bites you!
* * * LOW HITPOINT WARNING * * *
The seven-headed hydra bites you but does no damage.
The seven-headed hydra closely misses you.
The seven-headed hydra bites you.
You die...

### #### ### #####P#
##.P####..
####.#.#.P.####........#
......D@................
.....#...P.P.#..#......#
#.. ##.#P..##....#.####
# ###..##........#..
#...###....#.....
#....P#...##......
#P....#...# ......
.....##...# +.##. ..##


You could see a seven-headed hydra (corroded).

Vanquished Creatures
  Gastronok (D:8)
  An orc warlord (Bailey)
  A dire elephant (Lair:5)
  Snorg (Lair:3)
  A hydra (Lair:3)
  2 boulder beetles
  2 two-headed ogres (D:10)
  Amaemon (D:8)
  A swamp dragon (Lair:3)
  2 cyclopes
  An ugly thing (D:11)
  A manticore (D:10)
  An orange demon (D:8)
  A molten gargoyle (D:9)
  6 cane toads
  A black mamba (Lair:4)
  An unseen horror (D:11)
  2 rime drakes
  6 komodo dragons
  5 trolls
  A wind drake (Lair:1)
  A polar bear (Lair:2)
  A hornet (D:10)
  8 blink frogs
  7 dream sheep (Lair:4)
  2 shadows (D:10)
  A wraith (D:10)
  2 basilisks
  6 wyverns
  23 yaks
  A steam dragon (Lair:2)
  3 wargs (D:11)
  3 nagas (Lair:3)
  6 water moccasins
  13 orc warriors
  2 ice beasts
  3 black bears
  3 sky beasts (D:7)
  14 wolves
  2 centaurs
  An ogre (D:5)
  3 phantoms (D:5)
  17 bullfrogs
  2 gnoll sergeants
  A necrophage (D:7)
  5 scorpions
  A wight (D:6)
  6 killer bees
  6 electric eels
  2 vampire bats (Lair:1)
  6 howler monkeys
  12 orc priests
  5 hounds
  10 iguanas
  19 orc wizards
  7 gnolls
  3 adders
  2 white imps (D:5)
  3 worms
  5 dart slugs
  52 orcs
  4 endoplasms
  3 giant cockroaches
  11 goblins
  5 hobgoblins
  13 jackals
  3 quokkas
  4 ball pythons
  8 bats
  3 frilled lizards
  20 kobolds
  5 rats
387 creatures vanquished.

Vanquished Creatures (collateral kills)
  An orc warrior (Orc:1)
1 creature vanquished.

Vanquished Creatures (others)
  19 fungi
  33 plants
52 creatures vanquished.

Grand Total: 440 creatures vanquished

Notes
Turn   | Place    | Note
-------+----------+-------------------------------------------
     0 | D:5      | drugrobin the Demigod Delver began the quest for the Orb.
     0 | D:5      | Reached XP level 1. HP: 18/18 MP: 3/3
    32 | D:5      | Noticed a black bear
    34 | D:4      | Noticed an iguana
    59 | D:4      | Reached skill level 2 in Unarmed Combat
   133 | D:4      | Killed an iguana
   134 | D:4      | Reached skill level 3 in Unarmed Combat
   134 | D:4      | Reached XP level 2. HP: 18/25 MP: 4/4
   279 | D:3      | Reached XP level 3. HP: 30/30 MP: 5/5
   772 | D:1      | Reached skill level 4 in Unarmed Combat
  1040 | D:1      | Reached XP level 4. HP: 37/37 MP: 6/6
  2621 | D:4      | Reached skill level 5 in Unarmed Combat
  2621 | D:4      | Reached XP level 5. HP: 42/42 MP: 7/7
  2701 | D:4      | Found a staircase to the Ecumenical Temple.
  3173 | D:5      | Reached skill level 6 in Unarmed Combat
  3252 | D:5      | Reached XP level 6. HP: 49/50 MP: 8/8
  3578 | D:5      | Reached skill level 7 in Unarmed Combat
  3604 | D:5      | Reached XP level 7. HP: 56/56 MP: 9/9
  3742 | D:5      | Reached skill level 8 in Unarmed Combat
  3992 | D:6      | Identified the +7 short sword "Xibiam" {heavy, MP+9 SInv}
  4063 | D:6      | Noticed a yak
  4150 | D:6      | Killed a yak
  4151 | D:6      | Reached skill level 9 in Unarmed Combat
  4282 | D:6      | Noticed a boulder beetle
  4337 | D:6      | Killed a boulder beetle
  4338 | D:6      | Reached skill level 10 in Unarmed Combat
  4338 | D:6      | Reached XP level 8. HP: 41/62 MP: 10/10
  4715 | D:5      | Reached skill level 11 in Unarmed Combat
  4775 | D:6      | Noticed a boulder beetle
  4861 | D:5      | Killed a boulder beetle
  4862 | D:5      | Reached XP level 9. HP: 15/68 MP: 11/11
  5054 | D:6      | Reached skill level 12 in Unarmed Combat
  5551 | D:7      | Found Ygheih's Assorted Antiques.
  5554 | D:7      | Bought a distressingly furry ring mail for 198 gold pieces
  5554 | D:7      | Identified the +2 ring mail of the Playwright {rC+ rN+ MP+9
                  | Str-4} (You bought it in a shop on level 7 of the Dungeon)
  5554 | D:7      | Bought a potion of heal wounds for 110 gold pieces
  6176 | D:7      | Reached skill level 13 in Unarmed Combat
  6487 | D:7      | Learned a level 5 spell: Freezing Cloud
  7073 | D:8      | Noticed Amaemon
  7087 | D:8      | Noticed an orange demon
  7144 | D:8      | Killed Amaemon
  7145 | D:8      | Reached skill level 1 in Ice Magic
  7145 | D:8      | Reached XP level 10. HP: 41/77 MP: 13/13
  7610 | D:8      | HP: 3/78 [poisoned by an orange demon]
  7677 | D:8      | Noticed Gastronok
  8062 | D:8      | Killed Gastronok
  8063 | D:8      | Reached skill level 14 in Unarmed Combat
  8239 | D:9      | Found a runed translucent gate.
  8240 | D:9      | Found a runed translucent gate.
  8240 | D:9      | Noticed yumyumyeen's ghost (novice MiGl)
  8240 | D:9      | Noticed an 11-headed hydra
  8247 | D:9      | Noticed Erica
  8256 | D:9      | Found a runed translucent gate.
  8691 | D:9      | Reached skill level 5 in Fighting
  8941 | D:10     | Entered Level 10 of the Dungeon
  9224 | D:10     | Found a flagged portal.
  9233 | Bailey   | Entered a bailey
  9238 | Bailey   | Noticed an orc warlord
  9473 | Bailey   | Found a runed translucent gate.
  9474 | Bailey   | Found a runed translucent gate.
  9475 | Bailey   | Found a runed translucent gate.
  9695 | Bailey   | Killed an orc warlord
  9696 | Bailey   | Reached XP level 11. HP: 88/88 MP: 14/14
 10323 | D:10     | Found a staircase to the Orcish Mines.
 10463 | D:11     | Acquired 838 gold pieces
 10528 | D:7      | Bought a glowing chain mail for 165 gold pieces
 10528 | D:7      | Bought a purple potion for 19 gold pieces
 10528 | D:7      | Bought 2 coppery potions for 39 gold pieces
 10528 | D:7      | Bought a scroll labelled ZIM LUTA FUSO for 22 gold pieces
 10528 | D:7      | Bought a scroll of identify for 44 gold pieces
 10606 | Orc:1    | Entered Level 1 of the Orcish Mines
 11066 | Orc:1    | Reached skill level 5 in Ice Magic
 11129 | Orc:1    | Reached skill level 15 in Unarmed Combat
 11174 | Orc:1    | HP: 3/89 [something/puff of flame (8)]
 11367 | Orc:1    | Noticed Erolcha
 11468 | D:10     | Noticed a two-headed ogre
 11484 | D:10     | Killed a two-headed ogre
 11730 | D:10     | Noticed a two-headed ogre
 11832 | D:10     | Killed a two-headed ogre
 12861 | D:11     | Found a staircase to the Lair.
 13517 | D:11     | Found Nugev's Book Emporium.
 13768 | D:11     | Found a portal to a secret trove of treasure.
 13907 | Lair:1   | Entered Level 1 of the Lair of Beasts
 14958 | Lair:1   | Reached XP level 12. HP: 74/100 MP: 15/15
 15051 | Lair:1   | Reached skill level 16 in Unarmed Combat
 17606 | Lair:3   | Noticed a five-headed hydra
 17618 | Lair:3   | Killed a five-headed hydra
 18181 | Lair:3   | Learned a level 6 spell: Simulacrum
 18231 | Lair:3   | Found a staircase to the Snake Pit.
 18291 | Lair:3   | Noticed Snorg
 18301 | Lair:3   | Found a staircase to the Swamp.
 18399 | Lair:3   | Killed Snorg
 19535 | Lair:4   | Found a staircase to the Slime Pits.
 19878 | Lair:5   | Entered Level 5 of the Lair of Beasts
 19881 | Lair:5   | Noticed a dire elephant
 19905 | Lair:5   | Killed a dire elephant
 19944 | Lair:5   | Noticed a merfolk avatar
 19968 | Lair:5   | Reached XP level 13. HP: 89/111 MP: 16/16
 20030 | Lair:5   | HP: 3/111 [seven-headed hydra (11)]
 20030 | Lair:5   | Slain by a seven-headed hydra

Illustrated notes

Levels and vault maps discovered:
D:1:      minmay_arrival_split_and_join, layout_loops_ring, columned_hall_lemuel
D:2:      layout_basic, minmay_strange_pillars
D:3:      layout_loops_ring, grunt_dithmenos_smoke_and_mirrors
D:4:      layout_rooms, fiery_altar_vehumet, mainiacjoe_overflow_tiny_flanked,
          overflow_temple_1_default, minmay_temple_entry_tees
D:5:      layout_basic
D:6:      minmay_cornered_nines, layout_rooms, minmay_starry_boxes
D:7:      layout_loops_corners, grunt_temple_overflow_cloverleaf,
          roderic_roman_lattice, nicolae_stop_n_shop_2
D:8:      layout_loops_ring, uniq_amaemon, uniq_gastronok
D:9:      layout_gridville, mainiacjoe_overflow_alcove_1,
          gammafunk_ghost_hydra_chop, minivault_8, uniq_erica
D:10:     layout_basic, orc_0_dummy, enter_bailey_8, evilmike_minifort
D:11:     layout_gridville, erik_lair_orcish_takeover, serial_shops, shop,
          enter_trove_1
Lair:1:   layout_loops_ring, roderic_batcave, serial_bayou_shore_b,
          serial_bayou_shore_b
Lair:2:   layout_regular_city, nicolae_lair_lil_pond,
          chequers_serial_rivers_large_a, minivault_26,
          chequers_serial_rivers_room_a, nicolae_lair_grove_arrangements,
          serial_bayou_shore_a
Lair:3:   layout_chaotic_city, minmay_swamp_entry_reptiles,
          minmay_snake_entry_guardpost_small, st_stairs_12,
          nicolae_quartered_pool_super, serial_bayou_ford_a, uniq_snorg
Lair:4:   layout_misc_corridors, slime_entry_1, grunt_megastairs_1
Lair:5:   gammafunk_lair_ancient_temple, layout_regular_city,
          lemuel_centaur_altar, grunt_megastairs_2
Orc:1:    layout_diamond_mine, basic_altar, uniq_erolcha

Skill      XL: |  1  2  3  4  5  6  7  8  9 10 11 12 |
---------------+-------------------------------------+-----
Unarmed Combat | 3 4 5 6 7 10 11 13 14 15 16 | 16.8
Fighting       | 3 5 7 9 |  9.4
Ice Magic      | 1 4 6 8 |  8.8
Dodging        | |  1.7
Stealth        | |  4.5

Action                   |  1- 3 |  4- 6 |  7- 9 | 10-12 | 13-15 || total
-------------------------+-------+-------+-------+-------+-------++-------
Melee: Unarmed           |    43 |    98 |   258 |   935 |    10 ||  1344
       Punch             |     5 |    11 |    20 |    15 |       ||    51
       Dagger            |    74 |    91 |     5 |    67 |       ||   237
       Short sword       |       |       |     3 |       |       ||     3
 Fire: Sling             |       |     3 |    13 |       |       ||    16
Throw: Dart              |     3 |    12 |    21 |    42 |       ||    78
       Boomerang         |       |       |       |    34 |     7 ||    41
Evoke: Wand              |     2 |       |     2 |    24 |     1 ||    29
       Phantom mirror    |       |       |       |     2 |       ||     2
  Use: Scroll            |     1 |     6 |     2 |    13 |       ||    22
       Potion            |       |       |     3 |     5 |     1 ||     9
 Stab: Sleeping          |     3 |       |     1 |     2 |       ||     6
       Distracted        |       |       |       |     2 |       ||     2
Armor: Leather armour    |     8 |       |       |       |       ||     8
       Scale mail        |    26 |    56 |    51 |       |       ||   133
       Ring mail         |       |       |     9 |   193 |     5 ||   207
       Troll leather arm |       |       |       |    13 |       ||    13
Dodge: Dodged            |    61 |    73 |    88 |   272 |     6 ||   500
Block: Other             |    15 |    36 |    43 |    34 |       ||   128
       Reflection        |     1 |     1 |     2 |    17 |       ||    21
       Kite shield       |       |       |       |   525 |     6 ||   531

Table legend: (Time is in decaauts)
 A = Elapsed time spent in this place.
 B = Non-inter-level travel time spent in this place.
 C = Inter-level travel time spent in this place.
 D = Time resting spent in this place.
 E = Time spent auto-exploring this place.
 F = Levels seen in this place.
 G = Mean time per level.
                   A        B        C        D        E       F      G
               +--------+--------+--------+--------+--------+-----+--------+
         Total |  19950 |  19234 |    716 |   3861 |  10642 |  18 | 1108.3 |
       Dungeon |  12412 |  11853 |    559 |   2332 |   6534 |  11 | 1128.4 |
          Lair |   6134 |   6046 |     88 |   1500 |   3351 |   5 | 1226.8 |
  Orcish Mines |    829 |    761 |     68 |     23 |    499 |   1 |  829.0 |
        Bailey |    574 |    574 |      0 |      5 |    257 |   1 |  574.0 |
               +--------+--------+--------+--------+--------+-----+--------+

Top non-repeatable levels by time:
    D:10: 1999 daAuts
  Lair:2: 1795 daAuts
  Lair:1: 1773 daAuts
  Lair:3: 1568 daAuts
    D:11: 1472 daAuts
     D:5: 1452 daAuts
     D:8: 1441 daAuts
     D:7: 1247 daAuts
     D:4: 914 daAuts
     D:1: 909 daAuts
     D:6: 880 daAuts
  Lair:4: 832 daAuts
   Orc:1: 829 daAuts
     D:9: 732 daAuts
     D:3: 707 daAuts
